 Dungeon Crawl Stone Soup version 0.30.1-11-g7821555f0a (webtiles) character file.

Game seed: 7373435923104721924

2284 comborobin the Cleaver (level 9, 0/75 HPs)
             Began as a Hill Orc Delver on Dec 24, 2023.
             Was an Elder of Cheibriados.
             Slain by a vampire (7 damage)
             ... on level 7 of the Dungeon.
             The game lasted 00:09:13 (7287 turns).

comborobin the Cleaver (Hill Orc Delver)            Turns: 7287, Time: 00:09:14

Health: 0/75       AC: 13    Str: 26    XL:     9   Next: 39%
Magic:  11/11      EV: 10    Int: 27    God:    Cheibriados [****..]
Gold:   329        SH:  0    Dex: 25    Spells: 7/8 levels left

rFire   . . .        a - +0 battleaxe
rCold   . . .        (shield currently unavailable)
rNeg    . . .        j - +0 chain mail
rPois   .            (no helmet)
rElec   .            (no cloak)
rCorr   .            i - +0 pair of gloves
SInv    .            k - +0 pair of boots
Will    +....        (no amulet)
Stlth   +            C - +6 ring of dexterity
HPRegen 0.32/turn    g - ring of willpower
MPRegen 0.12/turn

%: no passive effects
@: very slow
A: clever 2
a: Renounce Religion, Bend Time, Temporal Distortion, Slouch


You were on level 7 of the Dungeon.
You worshipped Cheibriados.
Cheibriados was greatly pleased with you.
You visited 2 branches of the dungeon, and saw 8 of its levels.

You collected 329 gold pieces.

Inventory:

Hand Weapons
 a - a +0 battleaxe (weapon)
 y - a +0 hand axe
 B - a +2 flail of pain
Missiles
 d - 14 poisoned darts (quivered)
 x - 2 atropa-tipped darts
Armour
 b - a +0 leather armour
 i - a +0 pair of gloves (worn)
 j - a +0 chain mail (worn)
 k - a +0 pair of boots (worn)
Jewellery
 g - a ring of willpower (right hand)
 C - a +6 ring of dexterity (left hand)
Wands
 A - a wand of mindburst (6)
Scrolls
 c - a scroll of fog
 l - 2 scrolls of immolation {unknown}
 m - 4 scrolls of blinking {unknown}
 p - a scroll of enchant weapon {unknown}
 u - a scroll of magic mapping
 w - a scroll of amnesia
Potions
 e - a potion of brilliance
 f - a potion of haste
 h - a potion of degeneration
 n - a potion of berserk rage
 o - 3 potions of curing
 q - 2 potions of lignification
 r - a potion of magic
 s - a potion of flight
 t - a potion of attraction
 z - a potion of mutation


   Skills:
 - Level 6.0 Fighting
 * Level 12.2 Axes
 - Level 7.0 Armour
 - Level 1.5 Dodging
 - Level 4.1 Stealth
 - Level 3.0 Invocations


You had 7 spell levels left.
You knew the following spells:

 Your Spells              Type           Power      Damage    Failure   Level
A - Apportation           Tloc           0%         N/A       45%         1

Your spell library contained the following spells:

 Spells                   Type           Power      Damage    Failure   Level
 Necrotise                Necr           0%         1d4       45%         1
 Summon Small Mammal      Summ           0%         N/A       45%         1
 Sublimation of Blood     Necr           0%         N/A       61%         2
 Wereblood                Tmut           0%         N/A       61%         2
 Summon Hydra             Summ           0%         N/A       100%        7


Dungeon Overview and Level Annotations

Branches:
Dungeon (7/15)             Temple (1/1) D:5

Altars:
Ashenzari
Cheibriados
Elyvilon
Gozag
Kikubaaqudgha
Makhleb
Nemelex Xobeh
Qazlal
Ru
Sif Muna
Trog
Uskayaw
Wu Jian
Xom
Yredelemnul
Zin


Innate Abilities, Weirdness & Mutations

Your mind is very acute. (Int +8, Str/Dex -2)


Message History

Unknown command.
You slice the orc!!
You kill the orc!
Cheibriados thoroughly appreciates the change of pace.
Something completely misses you. x2; Something hits you.
Something bites you but does no damage.
Items here: )))) [[[[ †††.
You hit something. Something hits you but does no damage. Something bites you.
Something draws strength from your injuries!
You slash something! Something hits you but does no damage.
Something bites you.
Something draws strength from your injuries!
You hit something but do no damage. Something hits you. Something bites you.
Something draws strength from your injuries!
You miss something. Something completely misses you.
Something bites you but does no damage.
You hit something but do no damage. Something hits you but does no damage.
Something bites you.
Something draws strength from your injuries!
You barely miss something. Something hits you but does no damage.
Something bites you.
Something draws strength from your injuries!
You hit something. Something hits you but does no damage. Something bites you!
Something draws strength from your injuries!
You are too injured to fight recklessly!
You barely miss something. Something hits you!
Something bites you but does no damage. Something hits you but does no damage.
Something bites you but does no damage.
You are too injured to fight recklessly!
You hit something but do no damage. Something hits you.
* * * LOW HITPOINT WARNING * * *
Something bites you but does no damage.
You are too injured to fight recklessly!
You hit something. Something hits you but does no damage.
Something bites you but does no damage.
You are too injured to fight recklessly!
You slash something! Something hits you!
* * * LOW HITPOINT WARNING * * *
Something bites you!
You die...

...... ...... #.
...... #.# ......
#.# ...... #.#
...... ###.#
#....... ...# .
.....###.########.#
..........@{o.....
...###.##########
#.# #.# #.####
##### #.####....#
..... ...........#
##### #########..#
#..#


You could see an orc.

Vanquished Creatures
  Joseph (D:7)
  A steam dragon (D:6)
  2 ice beasts (D:6)
  A sky beast (D:7)
  An orc warrior (D:5)
  3 ogres
  2 centaurs (D:6)
  A phantom (D:2)
  A bullfrog (D:6)
  A gnoll sergeant (D:6)
  2 scorpions
  A howler monkey (D:5)
  2 hounds
  3 jellies (D:7)
  3 orc priests
  3 iguanas
  7 orc wizards
  5 gnolls (D:6)
  5 adders
  6 dart slugs
  21 orcs
  4 bats
  7 endoplasms
  4 giant cockroaches
  7 goblins
  7 hobgoblins
  11 jackals
  5 kobolds
  2 quokkas
  9 ball pythons
  3 frilled lizards (D:1)
  4 rats
135 creatures vanquished.

Notes
Turn   | Place    | Note
-------+----------+-------------------------------------------
     0 | D:5      | comborobin the Hill Orc Delver began the quest for the Orb.
     0 | D:5      | Reached XP level 1. HP: 19/19 MP: 1/1
     7 | D:5      | Found a bloodstained altar of Trog.
    75 | D:5      | Reached skill level 3 in Axes
    94 | D:5      | Reached XP level 2. HP: 23/26 MP: 2/2
   137 | D:5      | Found a staircase to the Ecumenical Temple.
   264 | D:5      | Reached skill level 4 in Axes
   339 | D:4      | Noticed a phantom
   388 | D:5      | Reached XP level 3. HP: 31/31 MP: 3/3
   425 | D:5      | Reached skill level 5 in Axes
   425 | D:5      | Reached XP level 4. HP: 23/39 MP: 4/4
   694 | D:5      | Reached skill level 6 in Axes
   843 | D:5      | Reached XP level 5. HP: 37/45 MP: 5/5
  1045 | Temple   | Entered the Ecumenical Temple
  1058 | Temple   | Became a worshipper of Cheibriados the Contemplative
  1167 | D:2      | Killed a phantom
  1250 | D:2      | Reached XP level 6. HP: 51/51 MP: 6/6
  1462 | D:2      | Identified the +0 dagger of Dekuh {chaos, rPois rN+}
  1908 | D:1      | Reached * piety under Cheibriados
  2364 | D:1      | Reached ** piety under Cheibriados
  3232 | D:4      | Reached skill level 5 in Armour
  3424 | D:4      | Reached XP level 7. HP: 26/59 MP: 7/7
  3846 | D:4      | Found an ornate altar of the Wu Jian Council.
  4385 | D:5      | Reached skill level 7 in Axes
  4386 | D:5      | Reached *** piety under Cheibriados
  4468 | D:5      | Reached skill level 5 in Fighting
  4997 | D:6      | Reached XP level 8. HP: 69/69 MP: 8/8
  5149 | D:6      | Learned a level 1 spell: Apportation
  5291 | D:6      | Reached skill level 8 in Axes
  5291 | D:6      | Reached skill level 1 in Invocations
  5906 | D:6      | Reached skill level 9 in Axes
  6021 | D:6      | Found a glowing silver altar of Zin.
  6021 | D:6      | Noticed an angel
  6146 | D:7      | Noticed Joseph
  6155 | D:7      | Killed Joseph
  6156 | D:7      | Reached skill level 11 in Axes
  6156 | D:7      | Reached XP level 9. HP: 34/75 MP: 11/11
  6787 | D:7      | Gained mutation: Your mind is acute. (Int +4, Str/Dex -1)
                  | [potion of mutation]
  6787 | D:7      | Gained mutation: Your mind is very acute. (Int +8, Str/Dex
                  | -2) [potion of mutation]
  7046 | D:7      | Reached skill level 12 in Axes
  7118 | D:7      | Reached **** piety under Cheibriados
  7168 | D:7      | Found an opulent altar of Gozag.
  7287 | D:7      | Slain by a vampire

Illustrated notes

Levels and vault maps discovered:
D:1:      lemuel_arrival_hallway, layout_basic
D:2:      layout_basic
D:3:      layout_basic
D:4:      layout_layer_cave, mainiacjoe_overflow_surrounded_room
D:5:      layout_loops_corners, mainiacjoe_overflow_boulevard,
          minmay_temple_entry_junction
D:6:      layout_rooms, zin_angel
D:7:      layout_loops_ring, amcnicky_altar_gilded,
          hellmonk_okawaru_the_only_friend_you_need, uniq_joseph
Temple:   cyrus_circular_temple

Skill      XL: |  1  2  3  4  5  6  7  8  9 |
---------------+----------------------------+-----
Axes           | 3 4 5 6 7 11 12 | 12.2
Armour         | 2 4 5 6 7 |  7.0
Fighting       | 4 5 6 |  6.0
Invocations    | 3 |  3.0
Dodging        | |  1.5
Stealth        | |  4.1

Action                     |  1- 3 |  4- 6 |  7- 9 || total
---------------------------+-------+-------+-------++-------
  Melee: Hand axe          |    60 |   309 |    38 ||   407
         Punch             |       |     1 |       ||     1
         Battleaxe         |       |       |   163 ||   163
  Throw: Dart              |       |     5 |     1 ||     6
  Evoke: Wand              |     1 |     2 |    11 ||    14
    Use: Scroll            |     1 |     3 |     4 ||     8
         Potion            |       |     1 |     7 ||     8
 Armour: Chain mail        |    42 |   207 |   159 ||   408
  Dodge: Dodged            |    36 |   166 |    79 ||   281
